 Dungeon Crawl Stone Soup version 0.14-a0-445-g388476e (webtiles) character file.

421 PolkaDot the Ruinous (level 6, -5/41 HPs)
             Began as a Vampire Conjurer on Oct 30, 2013.
             Was an Initiate of Sif Muna.
             Slain by Pikel
             ... wielding a +1,+0 whip of electrocution
              (11 damage)
             ... on Level 3 of the Dungeon.
             The game lasted 00:16:40 (3428 turns).

PolkaDot the Ruinous (Vampire Conjurer)             Turns: 3428, Time: 00:17:01

HP  -5/41        AC  2     Str  7      XL: 6   Next:  6%
MP   8/10        EV 12     Int 19      God: Sif Muna [......]
Gold 139         SH  0     Dex 14      Spells:  2 memorised,  4 levels left

Res.Fire  : . . .   See Invis. : +   d - +0 elf short sword
Res.Cold  : . . .   Warding    : .   a - +0 robe
Life Prot.: + . .   Conserve   : .   (no shield)
Res.Poison: .       Res.Corr.  : .   (no helmet)
Res.Elec. : .       Clarity    : .   (no cloak)
Sust.Abil.: . .     Spirit.Shd : .   (no gloves)
Res.Mut.  : .       Stasis     : .   (no boots)
Res.Rott. : .       Flight     : .   (no amulet)
Saprovore : . . .                    (no ring)
                                     s - cursed ring of wizardry

@: slightly resistant to hostile enchantments, stealthy
A: bottle blood, fangs 3, see invisible, unbreathing
a: Bat Form, Bottle Blood, Renounce Religion


You were on level 3 of the Dungeon.
You worshipped Sif Muna.
Sif Muna was noncommittal.
You were not thirsty.

You visited 1 branch of the dungeon, and saw 4 of its levels.

You collected 119 gold pieces.

Inventory:

Hand weapons
 b - a +0,+0 elven spear
 d - a +0,+0 elven short sword (weapon)
Armour
 a - a +0 robe (worn)
Scrolls
 l - 2 scrolls of identify {unknown}
 n - a scroll of curse jewellery
 o - a scroll of enchant armour {unknown}
 p - a scroll of amnesia {unknown}
 q - a scroll of blinking {unknown}
Jewellery
 s - a cursed ring of wizardry (left hand)
Potions
 e - a potion of curing
Books
 c - a book of Conjurations

   Spells                             Type                      Level
   *Magic Dart                        Conjuration                  1
   *Searing Ray                       Conjuration                  2
   Dazzling Spray                     Conjuration/Hexes            3
   Iskenderun's Mystic Blast          Conjuration                  4
   Iskenderun's Battlesphere          Conjuration/Charms           4
   Fulminant Prism                    Conjuration/Hexes            5


   Skills:
 - Level 2.1 Dodging
 - Level 3.0 Stealth
 - Level 1.0 Spellcasting
 * Level 5.5 Conjurations


You had 4 spell levels left.
You knew the following spells:

 Your Spells              Type           Power        Failure   Level  Hunger
a - Magic Dart            Conj           ###.         1%          1    ##.....
s - Searing Ray           Conj           ###...       1%          2    ###....


Dungeon Overview and Level Annotations

Branches:
Dungeon (4/27)
 Temple: D:4-7

Altars:
Elyvilon
Sif Muna
Zin

Annotations:
D:3 Pikel


Innate Abilities, Weirdness & Mutations

You can bottle blood from corpses.
You have razor-sharp teeth.*
You have supernaturally acute eyesight.
You can survive without breathing.*


Message History

Okay, then.
Casting: Magic Dart
Confirm with . or Enter, or press ? or * to list all spells.
Aiming: Searing Ray
Press: ? - help, Shift-Dir - straight line, f - Pikel
Aim: Pikel, wielding a runed whip and wearing an elven robe The searing ray hits Pikel.
Pikel is lightly wounded.
The slave completely misses you. Pikel hits you with a runed whip.
You are electrocuted!
Ouch! That really hurt!
* * * LOW HITPOINT WARNING * * *
Read which item? (? for menu, Esc to quit)
As you read the scroll labeled SIUPHA LADA, it crumbles to dust.
Your ring of wizardry glows black for a moment.
It was a scroll of curse jewellery.
The slave completely misses you.
Pikel hits you with a whip of electrocution.
* * * LOW HITPOINT WARNING * * *
You are electrocuted!
You die...

.......(########(#..........####.
..........((....(................
.................................
........########.##.........##...
........# #(##.........##...
<..<....# #.##.........##...
.######## #.####.##..####... .#
#@# #.#.......... .# #@#
#.#....)..... .# #K#
#.#.......... .# #@#
#.##.<#####.. .# #.#
#...........) .#
##########.####.##..####... .#
#.......##.#............... .#
#.....).....>..............
.######.......##.#........#####.#
.%...##.......##.#........## #.#


You could see Pikel and 2 slaves.

Vanquished Creatures
  An orc warrior (D:3)
  2 orc priests (D:3)
  7 adders
  2 worms (D:3)
  A giant gecko (D:1)
  5 orcs (D:3)
  12 bats
  2 giant cockroaches
  4 goblins
  6 hobgoblins
  9 kobolds
  2 giant newts (D:2)
  5 rats
58 creatures vanquished.

Notes
Turn   | Place    | Note
--------------------------------------------------------------
     0 | D:1      | PolkaDot, the Vampire Conjurer, began the quest for the Orb.
     0 | D:1      | Reached XP level 1. HP: 13/13 MP: 4/4
   328 | D:1      | Reached XP level 2. HP: 19/19 MP: 3/5
   661 | D:1      | Learned a level 2 spell: Searing Ray
   933 | D:2      | Reached XP level 3. HP: 24/24 MP: 0/6
  1236 | D:2      | Found a white marble altar of Elyvilon.
  1272 | D:2      | Reached skill level 4 in Conjurations
  1900 | D:2      | Reached XP level 4. HP: 30/30 MP: 4/8
  2254 | D:3      | Found a deep blue altar of Sif Muna.
  2257 | D:3      | Became a worshipper of Sif Muna the Loreminder
  2402 | D:3      | Noticed an orc warrior
  2409 | D:3      | HP: 1/30 [orc priest/divine providence (11)]
  2464 | D:3      | HP: 1/30 [orc/ steel tomahawk (1)]
  2521 | D:3      | Reached XP level 5. HP: 5/35 MP: 2/9
  2749 | D:3      | Found a glowing silver altar of Zin.
  2790 | D:3      | Reached skill level 5 in Conjurations
  3128 | D:3      | Killed an orc warrior
  3128 | D:3      | Reached XP level 6. HP: 3/41 MP: 1/10
  3424 | D:4      | Noticed Pikel
  3428 | D:3      | Slain by Pikel

Action                   |  1- 3 |  4- 6 || total
-------------------------+-------+-------++-------
Melee: Short sword       |    11 |       ||    11
 Cast: Magic Dart        |    68 |    46 ||   114
       Searing Ray       |       |    12 ||    12
  Use: Potion            |     2 |     5 ||     7
       Scroll            |       |     7 ||     7
